TOP OF THE 1ST |
West Virginia Power batting - Pitching for South Bend Cubs : RHP Daniel Sullivan
|
Pitching: RHP Daniel Sullivan
|
|
Batting: RHB Ron Corn
|
0-0: Ball 1-0: Ball 2-0: Ball 3-0: Foul Ball, location: 2F 3-1: Called Strike 3-2: Foul Ball, location: 2F 3-2: Foul Ball, location: 2F 3-2: Base on Balls
|
Batting: LHB Micah Boshnjaku
|
0-0: Ball Ron Corn is caught stealing 2nd base 2-6 1-0: DOUBLE (Flyball, 89XD, EV 94.4 MPH)
|
Batting: SHB Francisco Gutierrez
|
0-0: Foul Ball, location: 2F 0-1: Called Strike Micah Boshnjaku steals 3rd base 0-2: Fly out, F7 (Flyball, 7, EV 81.3 MPH) Runner from 3rd tags up, SCORES, throw by LF
|
Batting: RHB Tom Primmer
|
0-0: Ball 1-0: Called Strike 1-1: Ball 2-1: Called Strike 2-2: Ball 3-2: Base on Balls
|
Batting: RHB Jordan Robinson
|
0-0: Ball 1-0: Called Strike 1-1: Foul Ball, location: 2F 1-2: Foul Ball, location: 2F Balk! Tom Primmer to second 1-2: Ball 2-2: SINGLE (Groundball, 4MD, EV 96.9 MPH) Tom Primmer to third Runner from 3rd tries for Home, SAFE, throw by CF to home
|
Batting: SHB Brad Day
|
0-0: Called Strike 0-1: Ball Jordan Robinson steals 2nd base 1-1: Foul Ball, location: 2F 1-2: Ball 2-2: Ball 3-2: Base on Balls
|
Pitching: RHP Devin Ward
|
|
Batting: RHB Ted Goldblatt
|
0-0: Swinging Strike 0-1: Ball 1-1: SINGLE (Groundball, 6D, EV 104.4 MPH) Jordan Robinson to third Brad Day to second Runner from 3rd tries for Home, SAFE, throw by CF to home
|
Batting: RHB Dennis Coppolino
|
0-0: Called Strike 0-1: Ball 1-1: Swinging Strike 1-2: Fly out, F7 (Line Drive, 7S, EV 103.1 MPH)
|
Top of the 1st over - 3 runs, 3 hits, 0 errors, 2 left on base; West Virginia 3 - South Bend 0 |
BOTTOM OF THE 1ST |
South Bend Cubs batting - Pitching for West Virginia Power : RHP Josh Markham
|
Pitching: RHP Josh Markham
|
|
Batting: RHB Jason Ostrom
|
0-0: Foul Ball, location: 2F 0-1: Ball 1-1: Foul Ball, location: 2F 1-2: Ball 2-2: Ground out 4-3 (Groundball, 4S, EV 85.0 MPH)
|
Batting: LHB Bill Tardiff
|
0-0: Called Strike 0-1: Ball 1-1: Foul Ball, location: 2F 1-2: Ball 2-2: SINGLE (Groundball, 6S, EV 65.0 MPH) (infield hit)
|
Batting: RHB Mike Savage
|
0-0: Called Strike 0-1: Ball 1-1: Ball 2-1: Foul Ball, location: 2F 2-2: Ball 3-2: Ground out 6-3 (Groundball, 6MS, EV 71.3 MPH) Bill Tardiff to second
|
Batting: LHB Mike DiNardo
|
0-0: Ball 1-0: Swinging Strike 1-1: Ball 2-1: Called Strike 2-2: Fly out, F8 (Line Drive, 8RD, EV 89.4 MPH)
|
Bottom of the 1st over - 0 runs, 1 hit, 0 errors, 1 left on base; West Virginia 3 - South Bend 0 |
TOP OF THE 2ND |
West Virginia Power batting - Pitching for South Bend Cubs : RHP Devin Ward
|
Batting: RHB John Beiswenger
|
0-0: Swinging Strike 0-1: Ground out 4-3 (Groundball, 4MS, EV 69.4 MPH)
|
Batting: RHB Ron Corn
|
0-0: Called Strike 0-1: Ball 1-1: Foul Ball, location: 2F 1-2: Ground out 5-3 (Groundball, 56S, EV 80.0 MPH)
|
Batting: LHB Micah Boshnjaku
|
0-0: Called Strike 0-1: Ball 1-1: Ball 2-1: Foul Ball, location: 2F 2-2: Ball 3-2: Base on Balls
|
Pitching: RHP Jason Scott
|
|
Batting: SHB Francisco Gutierrez
|
0-0: Called Strike Micah Boshnjaku steals 2nd, throwing error, E2 Micah Boshnjaku to third 0-1: Swinging Strike 0-2: Strikes out swinging
|
Top of the 2nd over - 0 runs, 0 hits, 1 error, 1 left on base; West Virginia 3 - South Bend 0 |
BOTTOM OF THE 2ND |
South Bend Cubs batting - Pitching for West Virginia Power : RHP Josh Markham
|
Batting: LHB Shuan-yan Wu
|
0-0: Foul Ball, location: 2F 0-1: Foul Ball, location: 2F 0-2: Ball 1-2: Ball 2-2: Ball 3-2: Base on Balls
|
Batting: LHB Andy Bordeaux
|
0-0: Swinging Strike 0-1: Foul Ball, location: 2F 0-2: Ball 1-2: Ball 2-2: Strikes out looking
|
Batting: RHB Omar Novoa
|
0-0: Ball 1-0: Ball 2-0: SINGLE (Line Drive, 5D, EV 103.1 MPH) Shuan-yan Wu to second
|
Batting: RHB John Madden
|
0-0: Called Strike 0-1: Ball 1-1: Foul Ball, location: 2F 1-2: SINGLE (Groundball, 25, EV 67.5 MPH) (infield hit) Shuan-yan Wu to third Omar Novoa to second
|
Batting: SHB Alvaro Andrade
|
0-0: Ball 1-0: Ball 2-0: Ball 3-0: Called Strike 3-1: Fly out, F8 (Flyball, 89M, EV 94.4 MPH) Runner from 3rd tags up, OUT at HOME! 8-2
|
Bottom of the 2nd over - 0 runs, 2 hits, 0 errors, 2 left on base; West Virginia 3 - South Bend 0 |
TOP OF THE 3RD |
West Virginia Power batting - Pitching for South Bend Cubs : RHP Jason Scott
|
Batting: RHB Tom Primmer
|
0-0: Fly out, F9 (Flyball, 9S, EV 78.8 MPH)
|
Batting: RHB Jordan Robinson
|
0-0: Ball 1-0: Ball 2-0: Foul Ball, location: 2F 2-1: Foul Ball, location: 2F 2-2: Strikes out looking
|
Batting: SHB Brad Day
|
0-0: Called Strike 0-1: Ball 1-1: Ball 2-1: Ball 3-1: Foul Ball, location: 2F 3-2: Foul Ball, location: 2F 3-2: Fly out, F9 (Flyball, 9, EV 85.0 MPH)
|
Top of the 3rd over - 0 runs, 0 hits, 0 errors, 0 left on base; West Virginia 3 - South Bend 0 |
BOTTOM OF THE 3RD |
South Bend Cubs batting - Pitching for West Virginia Power : RHP Josh Markham
|
Batting: RHB Jason Ostrom
|
0-0: Ground out 3-1 (Groundball, 34S, EV 82.5 MPH)
|
Batting: LHB Bill Tardiff
|
0-0: Ball 1-0: Ball 2-0: Foul Ball, location: 2F 2-1: DOUBLE (Line Drive, 78D, EV 113.1 MPH)
|
Batting: RHB Mike Savage
|
0-0: Called Strike 0-1: Foul Ball, location: 2F 0-2: Ball 1-2: Ball 2-2: Foul Ball, location: 2F 2-2: Fly out, F9 (Flyball, 9, EV 98.8 MPH)
|
Batting: LHB Mike DiNardo
|
0-0: Ball 1-0: Foul Ball, location: 2F 1-1: Foul Ball, location: 2F 1-2: SINGLE (Line Drive, 8LS, EV 110.0 MPH) Bill Tardiff to third Runner from 3rd tries for Home, throw by CF and OUT! 8-2
|
Bottom of the 3rd over - 0 runs, 2 hits, 0 errors, 1 left on base; West Virginia 3 - South Bend 0 |
TOP OF THE 4TH |
West Virginia Power batting - Pitching for South Bend Cubs : RHP Jason Scott
|
Batting: RHB Ted Goldblatt
|
0-0: Ball 1-0: Called Strike 1-1: Ball 2-1: Swinging Strike 2-2: Ball 3-2: Base on Balls
|
Pitching: RHP Josh Deyo
|
|
Batting: RHB Dennis Coppolino
|
0-0: Ball 1-0: Fielders Choice at 2nd, 6-4 (Groundball, 6, EV 76.9 MPH)
|
Batting: RHB John Beiswenger
|
0-0: Called Strike 0-1: DOUBLE (Flyball, 78XD, EV 110.0 MPH) Dennis Coppolino to third
|
Batting: RHB Ron Corn
|
0-0: Ball 1-0: Foul Ball, location: 2F 1-1: Ball 2-1: Ball 3-1: Base on Balls
|
Batting: LHB Micah Boshnjaku
|
0-0: Ball 1-0: Ball 2-0: Ball 3-0: Called Strike 3-1: Base on Balls Dennis Coppolino scores John Beiswenger to third Ron Corn to second
|
Batting: SHB Francisco Gutierrez
|
0-0: Ball 1-0: Foul Ball, location: 2F 1-1: GRAND SLAM HOME RUN (Flyball, 89XD, EV 99.4 MPH) (Inside the Park)
|
Pitching: RHP Jean-Paul Lefebvre
|
|
Batting: RHB Tom Primmer
|
0-0: Ball 1-0: DOUBLE (Flyball, 9LD, EV 98.8 MPH)
|
Batting: RHB Jordan Robinson
|
0-0: Foul Ball, location: 2F 0-1: Ball 1-1: Called Strike 1-2: Strikes out swinging
|
Batting: SHB Brad Day
|
0-0: Ball 1-0: Called Strike 1-1: Ball 2-1: Fly out, F9 (Flyball, 9, EV 88.1 MPH)
|
Top of the 4th over - 5 runs, 3 hits, 0 errors, 1 left on base; West Virginia 8 - South Bend 0 |
BOTTOM OF THE 4TH |
South Bend Cubs batting - Pitching for West Virginia Power : RHP Josh Markham
|
Batting: LHB Shuan-yan Wu
|
0-0: Ball 1-0: Ball 2-0: Ball 3-0: Base on Balls
|
Batting: LHB Andy Bordeaux
|
0-0: Grounds into double play, 4-6-3 (Groundball, 34D, EV 88.1 MPH)
|
Batting: RHB Omar Novoa
|
0-0: Ball 1-0: Swinging Strike 1-1: Foul Ball, location: 2F 1-2: Ball 2-2: Strikes out swinging
|
Bottom of the 4th over - 0 runs, 0 hits, 0 errors, 0 left on base; West Virginia 8 - South Bend 0 |
TOP OF THE 5TH |
West Virginia Power batting - Pitching for South Bend Cubs : RHP Jean-Paul Lefebvre
|
Batting: RHB Ted Goldblatt
|
0-0: Called Strike 0-1: Foul Ball, location: 2F 0-2: Strikes out swinging
|
Batting: RHB Dennis Coppolino
|
0-0: Foul Ball, location: 2F 0-1: Ball 1-1: Ground out 4-3 (Groundball, 34, EV 101.3 MPH)
|
Batting: RHB John Beiswenger
|
0-0: Ball 1-0: Ball 2-0: Called Strike 2-1: Called Strike 2-2: Ball 3-2: Foul Ball, location: 2F 3-2: Foul Ball, location: 2F 3-2: Base on Balls
|
Pitching: RHP Eric Allen
|
|
Batting: RHB Ron Corn
|
0-0: Fielders Choice at 2nd, 6-4 (Groundball, 6MD, EV 91.3 MPH)
|
Top of the 5th over - 0 runs, 0 hits, 0 errors, 1 left on base; West Virginia 8 - South Bend 0 |
BOTTOM OF THE 5TH |
South Bend Cubs batting - Pitching for West Virginia Power : RHP Josh Markham
|
Batting: RHB John Madden
|
0-0: Called Strike 0-1: Ball 1-1: Swinging Strike 1-2: Foul Ball, location: 2F 1-2: Strikes out swinging
|
Batting: SHB Alvaro Andrade
|
0-0: Ball 1-0: Called Strike 1-1: Ball 2-1: Called Strike 2-2: Strikes out swinging
|
Batting: RHB Jason Ostrom
|
0-0: Called Strike 0-1: Called Strike 0-2: Ball 1-2: Ball 2-2: Strikes out swinging, 2-3 out at first.
|
Bottom of the 5th over - 0 runs, 0 hits, 0 errors, 0 left on base; West Virginia 8 - South Bend 0 |
TOP OF THE 6TH |
West Virginia Power batting - Pitching for South Bend Cubs : RHP Eric Allen
|
Batting: LHB Micah Boshnjaku
|
0-0: Ball 1-0: Foul Ball, location: 2F 1-1: Ball 2-1: Foul Ball, location: 2F 2-2: Ball 3-2: TRIPLE (Flyball, 89XD, EV 105.0 MPH)
|
Batting: SHB Francisco Gutierrez
|
0-0: Called Strike 0-1: Fly out, F7 (Line Drive, 7S, EV 101.9 MPH)
|
Batting: RHB Tom Primmer
|
0-0: Ball 1-0: SINGLE (Line Drive, 78S, EV 91.3 MPH) Micah Boshnjaku scores
|
Batting: RHB Jordan Robinson
|
0-0: Foul Ball, location: 2F 0-1: Called Strike 0-2: Ball 1-2: Fly out, F8 (Line Drive, 8RM, EV 106.3 MPH)
|
Batting: SHB Brad Day
|
0-0: Called Strike 0-1: Ball 1-1: Called Strike 1-2: Strikes out swinging
|
Top of the 6th over - 1 run, 2 hits, 0 errors, 1 left on base; West Virginia 9 - South Bend 0 |
BOTTOM OF THE 6TH |
South Bend Cubs batting - Pitching for West Virginia Power : RHP Josh Markham
|
Batting: LHB Bill Tardiff
|
0-0: Called Strike 0-1: Called Strike 0-2: Ball 1-2: Ball 2-2: Ball 3-2: Foul Ball, location: 2F 3-2: Strikes out swinging
|
Batting: RHB Mike Savage
|
0-0: Called Strike 0-1: Swinging Strike 0-2: Ball 1-2: Foul Ball, location: 2F 1-2: Ball 2-2: Ground out U3 (Groundball, 34S, EV 83.8 MPH)
|
Batting: LHB Mike DiNardo
|
0-0: Foul Ball, location: 2F 0-1: Swinging Strike 0-2: Ground out 4-3 (Groundball, 4, EV 83.1 MPH)
|
Bottom of the 6th over - 0 runs, 0 hits, 0 errors, 0 left on base; West Virginia 9 - South Bend 0 |
TOP OF THE 7TH |
West Virginia Power batting - Pitching for South Bend Cubs : RHP Eric Allen
|
Pitching: LHP Nate George
|
|
Batting: RHB Ted Goldblatt
|
0-0: Ball 1-0: Foul Ball, location: 2F 1-1: SINGLE (Groundball, 6MD, EV 98.8 MPH)
|
Batting: RHB Dennis Coppolino
|
0-0: Foul Ball, location: 2F 0-1: 2-RUN HOME RUN (Flyball, 9LD, EV 101.3 MPH), Distance : 360 ft
|
Batting: RHB John Beiswenger
|
0-0: Called Strike 0-1: Ball 1-1: Called Strike 1-2: Foul Ball, location: 2F 1-2: Foul Ball, location: 2F 1-2: Ball 2-2: Ball 3-2: Strikes out swinging
|
Batting: RHB Ron Corn
|
0-0: Ball 1-0: SOLO HOME RUN (Flyball, 89XD, EV 102.5 MPH), Distance : 409 ft
|
Batting: LHB Micah Boshnjaku
|
0-0: Ball 1-0: Ball 2-0: Ball 3-0: Base on Balls
|
Pitching: LHP Jose Carrillo
|
|
Batting: SHB Francisco Gutierrez
|
0-0: Swinging Strike 0-1: Ball 1-1: Ball 2-1: Ball 3-1: Called Strike 3-2: Fly out, F7 (Flyball, 7D, EV 93.1 MPH)
|
Batting: RHB Tom Primmer
|
0-0: Called Strike 0-1: Ball Wild Pitch! Micah Boshnjaku to second 1-1: Called Strike 1-2: Fly out, F6 (Flyball, 56D, EV 92.5 MPH)
|
Top of the 7th over - 3 runs, 3 hits, 0 errors, 1 left on base; West Virginia 12 - South Bend 0 |
BOTTOM OF THE 7TH |
South Bend Cubs batting - Pitching for West Virginia Power : RHP Josh Markham
|
Pitching: RHP Bobby Detmer
|
|
Batting: LHB Shuan-yan Wu
|
0-0: Ball 1-0: Fly out, F8 (Flyball, 8LM, EV 90.6 MPH)
|
Batting: LHB Andy Bordeaux
|
0-0: SINGLE (Groundball, 4MD, EV 101.3 MPH)
|
Batting: RHB Omar Novoa
|
0-0: Fly out, F9 (Line Drive, 9D, EV 106.3 MPH)
|
Batting: RHB John Madden
|
0-0: Swinging Strike 0-1: Called Strike 0-2: Ball 1-2: Ball 2-2: Foul Ball, location: 2F 2-2: Ball 3-2: Foul Ball, location: 2F 3-2: Ground out 6-3 (Groundball, 6, EV 105.6 MPH)
|
Bottom of the 7th over - 0 runs, 1 hit, 0 errors, 1 left on base; West Virginia 12 - South Bend 0 |
TOP OF THE 8TH |
West Virginia Power batting - Pitching for South Bend Cubs : LHP Jose Carrillo
|
Batting: RHB Jordan Robinson
|
0-0: Called Strike 0-1: Ball 1-1: Ball 2-1: Called Strike 2-2: Ball 3-2: Ground out U3 (Groundball, 13, EV 81.9 MPH)
|
Batting: SHB Brad Day
|
0-0: Swinging Strike 0-1: Called Strike 0-2: Ball 1-2: Fly out, F7 (Flyball, 7S, EV 85.6 MPH)
|
Pitching: RHP Benoît Morin
|
|
Batting: RHB Ted Goldblatt
|
0-0: Ball 1-0: Ball 2-0: Fly out, F8 (Line Drive, 78M, EV 107.5 MPH)
|
Top of the 8th over - 0 runs, 0 hits, 0 errors, 0 left on base; West Virginia 12 - South Bend 0 |
BOTTOM OF THE 8TH |
South Bend Cubs batting - Pitching for West Virginia Power : RHP Bobby Detmer
|
Batting: SHB Alvaro Andrade
|
0-0: Called Strike 0-1: Called Strike 0-2: Ball 1-2: Ball 2-2: Foul Ball, location: 2F 2-2: Foul Ball, location: 2F 2-2: Strikes out swinging
|
Batting: RHB Jason Ostrom
|
0-0: Ground out 1-3 (Groundball, 13, EV 71.3 MPH)
|
Batting: LHB Bill Tardiff
|
0-0: Ball 1-0: Foul Ball, location: 2F 1-1: Ball 2-1: Foul Ball, location: 2F 2-2: Strikes out swinging
|
Bottom of the 8th over - 0 runs, 0 hits, 0 errors, 0 left on base; West Virginia 12 - South Bend 0 |
TOP OF THE 9TH |
West Virginia Power batting - Pitching for South Bend Cubs : RHP Benoît Morin
|
Pinch Hitting: RHB Jose Lozano
|
0-0: Ball 1-0: Ball 2-0: Called Strike 2-1: Called Strike 2-2: Foul Ball, location: 2F 2-2: Ball 3-2: Base on Balls
|
Batting: RHB John Beiswenger
|
0-0: Ball 1-0: Ball 2-0: Foul Ball, location: 2F 2-1: Foul Ball, location: 2F 2-2: Reached on error, E6 (Groundball, 6, EV 87.5 MPH) Jose Lozano to second
|
Batting: RHB Ron Corn
|
0-0: Ground out 4-3 (Groundball, 34D, EV 111.9 MPH) Jose Lozano to third John Beiswenger to second
|
Batting: LHB Micah Boshnjaku
|
0-0: Foul Ball, location: 2F 0-1: Ball 1-1: Swinging Strike 1-2: Strikes out looking
|
Pitching: RHP Jim Polson
|
|
Batting: SHB Francisco Gutierrez
|
0-0: Ball 1-0: Ball 2-0: Ball 3-0: Called Strike 3-1: Base on Balls
|
Batting: RHB Tom Primmer
|
0-0: Ball 1-0: Called Strike 1-1: Ball 2-1: Foul Ball, location: 2F 2-2: Foul Ball, location: 2F 2-2: Ball 3-2: Base on Balls Jose Lozano scores John Beiswenger to third Francisco Gutierrez to second
|
Batting: RHB Jordan Robinson
|
Balk! John Beiswenger scores Francisco Gutierrez to third Tom Primmer to second 0-0: Ball 1-0: Foul Ball, location: 2F 1-1: Ball 2-1: Ball 3-1: Base on Balls
|
Batting: SHB Brad Day
|
0-0: Ball 1-0: Ball 2-0: Ball Wild Pitch! Francisco Gutierrez scores Tom Primmer to third Jordan Robinson to second 3-0: Base on Balls
|
Batting: RHB Ted Goldblatt
|
0-0: Ball 1-0: Ball 2-0: Swinging Strike 2-1: Foul Ball, location: 2F 2-2: Foul Ball, location: 2F 2-2: Foul Ball, location: 2F 2-2: Foul Ball, location: 2F 2-2: Foul Ball, location: 2F 2-2: Ball 3-2: Fly out, F8 (Flyball, 8RM, EV 96.9 MPH)
|
Top of the 9th over - 3 runs, 0 hits, 1 error, 3 left on base; West Virginia 15 - South Bend 0 |
BOTTOM OF THE 9TH |
South Bend Cubs batting - Pitching for West Virginia Power : RHP Bobby Detmer
|
Now at 1B: Jose Lozano
|
|
Batting: RHB Mike Savage
|
0-0: Ball 1-0: Ball 2-0: Ball 3-0: Called Strike 3-1: Base on Balls
|
Batting: LHB Mike DiNardo
|
0-0: Ball Pickoff Throw by Catcher to First - Out! 1-0: DOUBLE (Line Drive, 78D, EV 107.5 MPH)
|
Batting: LHB Shuan-yan Wu
|
0-0: Ball 1-0: Ball 2-0: Called Strike 2-1: Fly out, F7 (Flyball, 7S, EV 86.9 MPH)
|
Batting: LHB Andy Bordeaux
|
0-0: Called Strike 0-1: Called Strike 0-2: Ball 1-2: Foul Ball, location: 2F 1-2: Ball 2-2: Ball 3-2: SINGLE (Line Drive, 4D, EV 100.0 MPH) Mike DiNardo to third
|
Batting: RHB Omar Novoa
|
0-0: Called Strike 0-1: Foul Ball, location: 2F 0-2: Ball 1-2: Ball 2-2: Ball 3-2: Strikes out swinging
|
Bottom of the 9th over - 0 runs, 2 hits, 0 errors, 2 left on base; West Virginia 15 - South Bend 0 |
|